 Dungeon Crawl Stone Soup version 0.29-a0-330-g52719c12eb (webtiles) character file.

Game seed: 14535037845287341754

77 Lizzurd the Grasshopper (level 4, 0/40 HPs)
             Began as a Naga Warper on May 27, 2022.
             Slain by an adder (1 damage)
             ... on level 3 of the Dungeon.
             The game lasted 00:05:11 (2252 turns).

Lizzurd the Grasshopper (Naga Warper)               Turns: 2252, Time: 00:05:11

Health: 0/40       AC:  4    Str: 13    XL:     4   Next: 33%
Magic:  7/7        EV:  9    Int: 13    God:
Gold:   155        SH:  0    Dex: 13    Spells: 2/7 levels left

rFire   . . .      SeeInvis +   a - +0 spear
rCold   . . .      Faith    .   (no shield)
rNeg    . . .      Spirit   .   b - +0 leather armour
rPois   +          Reflect  .   l - +0 helmet
rElec   .          Harm     .   (no cloak)
rCorr   .          Rampage  .   (no gloves)
Will    .....                   (no barding)
Stlth   +.........              (no amulet)
HPRegen 0.13/turn               (no ring)
MPRegen 0.10/turn               (no ring)

@: very slow
A: AC +1, large, see invisible, deformed body, poison resistance, slowness 2,
spit poison 1, naga tail 1
a: Spit Poison


You were on level 3 of the Dungeon.
You visited 1 branch of the dungeon, and saw 3 of its levels.

You collected 155 gold pieces.

Inventory:

Hand Weapons
 a - a +0 spear (weapon)
Missiles
 d - 7 boomerangs of dispersal (quivered)
Armour
 b - a +0 leather armour (worn)
 l - a +0 helmet (worn)
Wands
 n - a wand of digging (5)
Scrolls
 c - 3 scrolls of blinking
 e - a scroll of magic mapping {unknown}
 g - 3 scrolls of identify {unknown}
 j - a scroll of amnesia {unknown}
 k - a scroll of noise {unknown}
 m - a scroll of summoning {unknown}
 o - 2 scrolls of teleportation {unknown}
 p - a scroll of fog {unknown}
 q - a scroll of immolation {unknown}
Potions
 f - a potion of resistance {unknown}
 h - a potion of brilliance {unknown}
 i - a potion of invisibility {unknown}
 s - a potion of magic {unknown}
 t - a potion of mutation {unknown}


   Skills:
 + Level 2.4 Fighting
 * Level 3.0 Polearms
 - Level 0.8 Throwing
 + Level 1.2 Armour
 + Level 2.0 Dodging
 + Level 2.3 Spellcasting
 + Level 3.3 Translocations


You had 2 spell levels left.
You knew the following spells:

 Your Spells              Type           Power      Damage    Failure   Level
a - Blink                 Tloc           20%        N/A       12%         2
b - Teleport Other        Tloc           10%        N/A       24%         3

Your spell library contained the following spells:

 Spells                   Type           Power      Damage    Failure   Level
 Magic Dart               Conj           4%         1d3       32%         1
 Call Imp                 Summ           1%         N/A       43%         2
 Sublimation of Blood     Necr           1%         N/A       43%         2
 Gell's Gravitas          Tloc           10%        N/A       24%         3
 Lesser Beckoning         Tloc           10%        N/A       24%         3
 Mephitic Cloud           Conj/Pois/Air  1%         N/A       67%         3
 Manifold Assault         Tloc           10%        N/A       92%         5
 Petrify                  Tmut/Erth      1%         N/A       97%         4
 Irradiate                Conj/Tmut      0%         3d13      100%        5


Dungeon Overview and Level Annotations

Branches:
Dungeon (3/15)

Altars:


Innate Abilities, Weirdness & Mutations

Your serpentine skin is tough. (AC +1)
You have supernaturally acute eyesight. (SInv)
Armour fits poorly on your strangely shaped body.
Your system is resistant to poisons. (rPois)
You cover ground very slowly.
You can spit poison.
You have a snake-like lower body.


Message History

You have reached level 4!
You feel agile.
You barely miss the adder. The adder misses you.
You hit the adder.
The adder is moderately wounded.
The adder bites you but does no damage.
You hit the adder.
The adder is heavily wounded.
You have got your breath back.
The adder closely misses you.
Aiming: Spit Poison (1% risk of failure)
Press: ? - help, Shift-Dir - straight line, f - adder
Aim: an adder (heavily wounded, 37% to hit)
The splash of poison misses the adder.
The adder bites you but does no damage. The adder bites you.
* * * LOW HITPOINT WARNING * * *
Unknown command.
You barely miss the adder.
The adder is heavily wounded.
The adder bites you.
* * * LOW HITPOINT WARNING * * *
You barely miss the adder.
The adder is moderately wounded.
The adder bites you but does no damage.
You hit the adder.
The adder is almost dead.
The adder bites you but does no damage.
You miss the adder.
The adder is almost dead.
The adder bites you.
* * * LOW HITPOINT WARNING * * *
You miss the adder.
The adder is almost dead.
The adder bites you but does no damage. The adder bites you.
* * * LOW HITPOINT WARNING * * *
You closely miss the adder.
The adder is almost dead.
You have got your breath back.
The adder bites you.
You die...

#... ##### ..#.. #...#
.....########### #.#.#
.....#...S@....#######...#
........)#####.#.......####
.........#####.#.#.........
####+#..............#.#.#.###.
........#..######.###.#.#.#.#.
($....###..##.......#.......#.
...........##.###.#.#.#...#.#.
.........†###.###.#.#.......#.
..................#.#.#...#...


You could see an adder.

Vanquished Creatures
  Terence (D:3)
  An adder (D:2)
  A worm (D:2)
  An orc (D:2)
  4 bats
  5 endoplasms
  A giant cockroach (D:1)
  3 goblins
  6 hobgoblins
  3 quokkas
  3 ball pythons
  A frilled lizard (D:1)
  5 kobolds
  6 rats
41 creatures vanquished.

Notes
Turn   | Place    | Note
-------+----------+-------------------------------------------
     0 | D:1      | Lizzurd the Naga Warper began the quest for the Orb.
     0 | D:1      | Reached XP level 1. HP: 19/19 MP: 3/3
   114 | D:1      | Reached skill level 1 in Armour
   114 | D:1      | Reached XP level 2. HP: 26/26 MP: 5/5
   121 | D:1      | Learned a level 2 spell: Blink
  1049 | D:2      | Reached XP level 3. HP: 21/32 MP: 6/6
  1209 | D:2      | Learned a level 3 spell: Teleport Other
  1740 | D:2      | Found a faded altar of an unknown god.
  2214 | D:3      | Noticed Terence
  2242 | D:3      | Killed Terence
  2243 | D:3      | Reached XP level 4. HP: 8/40 MP: 7/7
  2251 | D:3      | HP: 1/40 [adder (3)]
  2252 | D:3      | Slain by an adder

Illustrated notes

Levels and vault maps discovered:
D:1:      amcnicky_arrival_flooded_fountain, layout_rooms
D:2:      layout_basic, hellmonk_ecumenical_altar_lost_god
D:3:      layout_basic, serial_bayou_pond_b, uniq_terence

Skill      XL: |  1  2  3 |
---------------+----------+-----
Armour         | 1 |  1.2
Polearms       | 3 |  3.0
Dodging        | 2 |  2.0
Fighting       | |  2.4
Throwing       | |  0.8
Spellcasting   | |  2.3
Translocations | |  3.3

Action                   |  1- 3 |  4- 6 || total
-------------------------+-------+-------++-------
Melee: Spear             |   100 |     9 ||   109
       Punch             |     2 |       ||     2
 Abil: Spit Poison       |    45 |     1 ||    46
  Use: Scroll            |     1 |       ||     1
       Potion            |     1 |       ||     1
Armor: Leather armour    |    23 |     5 ||    28
Dodge: Dodged            |    39 |     2 ||    41

Table legend: (Time is in decaauts)
 A = Elapsed time spent in this place.
 B = Non-inter-level travel time spent in this place.
 C = Inter-level travel time spent in this place.
 D = Time resting spent in this place.
 E = Time spent auto-exploring this place.
 F = Levels seen in this place.
 G = Mean time per level.
                   A        B        C        D        E       F      G
               +--------+--------+--------+--------+--------+-----+--------+
         Total |   2747 |   2649 |     98 |    470 |   1815 |   3 |  915.7 |
       Dungeon |   2747 |   2649 |     98 |    470 |   1815 |   3 |  915.7 |
               +--------+--------+--------+--------+--------+-----+--------+

Top non-repeatable levels by time:
     D:2: 1465 daAuts
     D:1: 928 daAuts
     D:3: 354 daAuts
